 Dungeon Crawl Stone Soup version 0.21-a0-55-gb612c23 (webtiles) character file.

52033 KristoblXynda the Bludgeoner (level 14, 0/66 HPs)
             Began as a Gargoyle Fighter on June 14, 2017.
             Was a High Priest of Hepliaklqana.
             Slain by a white ugly thing (29 damage)
             ... on level 15 of the Dungeon.
             The game lasted 00:49:55 (15195 turns).

KristoblXynda the Bludgeoner (Gargoyle Fighter)    Turns: 15195, Time: 00:49:56

Health: 0/66       AC: 35    Str: 35    XL:     14   Next: 62%
Magic:  0/13       EV:  9    Int: 19    God:    Hepliaklqana [*****.]
Gold:   225        SH:  0    Dex: 13    Spells: 10/13 levels left

rFire    + . .     SeeInvis .   A - +7 dire flail "Joklul" {venom, MR+ Dex+4 Stlth+}
rCold    . . .     Gourm    .   (shield currently unavailable)
rNeg     + . .     Faith    .   S - +4 chain mail
rPois    ∞         Spirit   +   y - +2 hat
rElec    +         Reflect  .   N - scarf {repulsion}
rCorr    .         Harm     .   g - +0 pair of gloves
MR       ++...                  B - +2 pair of boots
Stlth    ..........             T - amulet of Tuwoqib {Spirit MP-9 Str+8 Int+6}
HPRegen  0.21/turn              t - +6 ring of strength
MPRegen  0.13/turn              C - ring of protection from fire

@: repel missiles
A: reduced essence, antennae 1, big wings, beak, icy blue scales 1, mutation
resistance 1, negative energy resistance 1, electricity resistance, unbreathing,
petrification resistance, rot immunity, AC +9
a: Fly, Recall Ancestor, Ancestor Identity, Transference, Idealise, Renounce
Religion


You were on level 15 of the Dungeon.
You worshipped Hepliaklqana.
Hepliaklqana was extremely pleased with you.
You were not hungry.

You visited 2 branches of the dungeon, and saw 16 of its levels.

You collected 985 gold pieces.
You spent 760 gold pieces at shops.

Inventory:

Hand Weapons
 A - the +7 dire flail "Joklul" (weapon) {venom, MR+ Dex+4 Stlth+}
   (You acquired it on level 9 of the Dungeon)

   It poisons the flesh of those it strikes.
   It affects your dexterity (+4).
   It affects your resistance to hostile enchantments.
   It makes you more stealthy.
 M - a +6 morningstar of holy wrath
Armour
 g - a +0 pair of gloves (worn)
 y - a +2 hat (worn)
 B - a +2 pair of boots (worn)
 N - a scarf of repulsion (worn)
 O - a +1 shield of positive energy
 S - a +4 chain mail (worn)
Jewellery
 t - a +6 ring of strength (left hand)
 u - an uncursed ring of magical power
 C - a ring of protection from fire (right hand)
 T - the amulet of Tuwoqib (around neck) {Spirit MP-9 Str+8 Int+6}
   (You bought it in a shop on level 14 of the Dungeon)

   [amulet of guardian spirit]

   It causes incoming damage to be split between your health and magic.
   It affects your strength (+8).
   It affects your intelligence (+6).
   It affects your magic capacity (-9).
Wands
 b - a wand of clouds (6/9)
 d - a wand of scattershot (4/9)
 Q - a wand of disintegration (18/24)
 U - a wand of acid (10/15)
Scrolls
 e - a scroll of recharging
 j - 4 scrolls of amnesia
 p - 2 scrolls of enchant armour
 s - 6 scrolls of remove curse
 x - a scroll of immolation
 I - 5 scrolls of fear
Potions
 c - 2 potions of invisibility
 h - 7 potions of curing
 i - a potion of haste
 o - 2 potions of mutation
 q - 2 potions of brilliance
 r - a potion of cancellation {unknown}
 G - a potion of lignification
 J - a potion of ambrosia
Books
 a - a book of Necromancy

   Spells                             Type                      Level
   a - Pain                           Necromancy                   1
   b - Animate Skeleton               Necromancy                   1
   c - Vampiric Draining              Necromancy                   3
   d - Regeneration                   Charms/Necromancy            3
   e - Animate Dead                   Necromancy                   4
   f - Control Undead                 Necromancy                   4
 k - a book of Misfortune

   Spells                             Type                      Level
   a - Confusing Touch                Hexes                        1
   b - Confuse                        Hexes                        3
   c - Gell's Gravitas                Translocation                3
   d - Petrify                        Transmutation/Earth          4
   e - Metabolic Englaciation         Hexes/Ice                    5
   f - Yara's Violent Unravelling     Hexes/Transmutation          5
 l - a book of Conjurations

   Spells                             Type                      Level
   a - Magic Dart                     Conjuration                  1
   b - Searing Ray                    Conjuration                  2
   c - Dazzling Spray                 Conjuration/Hexes            3
   d - Fulminant Prism                Conjuration/Hexes            4
   e - Force Lance                    Conjuration/Translocation    4
   f - Iskenderun's Mystic Blast      Conjuration                  4
 m - a book of Death

   Spells                             Type                      Level
   a - Corpse Rot                     Necromancy                   2
   b - Sublimation of Blood           Necromancy                   2
   c - Agony                          Necromancy                   5
   d - Dispel Undead                  Necromancy                   5
   e - Excruciating Wounds            Charms/Necromancy            5
   f - Bolt of Draining               Conjuration/Necromancy       5
 D - a book of Party Tricks

   Spells                             Type                      Level
   a - Summon Butterflies             Summoning                    1
   b - Apportation                    Translocation                1
   c - Lesser Beckoning               Translocation                3
   d - Tukima's Dance                 Hexes                        3
   e - Alistair's Intoxication        Transmutation/Poison         5
   f - Invisibility                   Hexes                        6
 F - a book of Enchantments

   Spells                             Type                      Level
   a - Cause Fear                     Hexes                        4
   b - Yara's Violent Unravelling     Hexes/Transmutation          5
   c - Silence                        Hexes/Air                    5
   d - Deflect Missiles               Charms/Air                   6
   e - Discord                        Hexes                        8
 K - a book of Air

   Spells                             Type                      Level
   a - Shock                          Conjuration/Air              1
   b - Swiftness                      Charms/Air                   2
   c - Static Discharge               Conjuration/Air              3
   d - Airstrike                      Air                          4
   e - Lightning Bolt                 Conjuration/Air              5
Miscellaneous
 L - a sack of spiders
 R - a box of beasts
Comestibles
 f - 8 bread rations
 n - 4 chunks of flesh
 w - 7 meat rations
 z - 8 royal jellies


   Skills:
 - Level 3.2 Fighting
 + Level 15.1 Maces & Flails
 - Level 12.3 Armour
 - Level 10.4 Shields
 + Level 11.9 Invocations
 + Level 8.1 Evocations


You had 10 spell levels left.
You knew the following spells:

 Your Spells              Type           Power        Failure   Level  Hunger
a - Regeneration          Chrm/Necr      #.........   88%         3    ####...


Dungeon Overview and Level Annotations

Branches:
Dungeon (15/15)            Temple (1/1) D:7            Lair (0/6) D:11
    Orc (0/2) D:10         Vaults (0/5) D:14
 Depths: D:15

Altars:
Ashenzari
Cheibriados
Dithmenos
Elyvilon
Fedhas
Gozag
Hepliaklqana
Kikubaaqudgha
Makhleb
Nemelex Xobeh
Okawaru
Qazlal
Ru
Sif Muna
Trog
Uskayaw
Vehumet
Wu Jian
Xom
Yredelemnul
Zin
The Shining One

Shops:
D:8 :   D:14 =


Innate Abilities, Weirdness & Mutations

You are resistant to torment.
Your stone body is resilient. (AC +9)
You are immune to poison.
Your large and strong wings let you fly indefinitely.
You resist negative energy. (rN+)
You are resistant to electric shocks. (rElec)
You can survive without breathing.
You are immune to petrification.
You are immune to rotting.
Your life essence is reduced to manifest your ancestor. (-10% HP)
You have a pair of small antennae on your head.
You have a beak for a mouth.
You are partially covered in icy blue scales. (AC +2)
You are somewhat resistant to further mutation.


Message History

You bludgeon the white ugly thing!!
The white ugly thing looks as sick as possible!
You peck the white ugly thing, but do no damage.
The white ugly thing is heavily wounded.
Ku-aya closely misses the white ugly thing.
The purple ugly thing closely misses Ku-aya.
The white ugly thing closely misses Ku-aya.
Something tentacle-slaps Ku-aya!!
Ku-aya is destroyed!
You barely miss the white ugly thing.
The white ugly thing is heavily wounded.
The white ugly thing engulfs you but does no damage.
You sock the white ugly thing!
The white ugly thing looks as sick as possible!
You peck the white ugly thing.
The white ugly thing is almost dead.
You bludgeon the white ugly thing!!
You kill the white ugly thing!
The white ugly thing pecks you! The white ugly thing freezes you!!
You die...

#...# #...# ###
########### #...# #.###
###.......§..
#...###.#.###.....#...§..
.................E#.)c...
............#....Z§.§uZ.§
........##.....##E#§.....
......#####...###u#h.....
#...#.# ##....@uuu.....
#...#.# #.############
#...#.# #.# ......# #.#
#.# . #.# # #.# . #.. .


You could see 4 ugly things, 2 fire elementals, a hell hound and a centaur
warrior zombie.

Vanquished Creatures
  Snorg (D:10)
  Fannar (D:11)
  2 hydras
  An ogre mage (D:15)
  Erica (D:8)
  2 dancing weapons (D:14)
  2 death knights
  2 centaur warriors
  3 tengu warriors
  9 two-headed ogres
  The ghost of Dominolapin the Frost Mage, a novice BaIE of Ashenzari (D:9)
  A skeletal warrior (D:11)
  An unseen horror (D:14)
  10 ugly things
  5 cyclopes
  2 deep elf magi (D:14)
  2 manticores
  3 centaur zombies
  3 gargoyles
  Psyche (D:8)
  2 kobold demonologists
  A komodo dragon (D:13)
  A queen bee (D:12)
  5 trolls
  2 hornets
  A troll (shapeshifter) (D:15)
  6 hippogriffs
  A meliai zombie (D:12)
  A shadow (D:14)
  A vampire (D:13)
  2 wraiths
  2 fire elementals (D:15)
  16 yaks
  2 water moccasins
  4 sky beasts
  A necrophage (D:13)
  9 orc warriors
  3 ice beasts
  2 black bears (D:8)
  3 phantoms
  An eye of draining (D:14)
  9 ogres
  2 wolves (D:8)
  8 centaurs
  2 big kobolds
  10 bullfrogs
  A gnoll sergeant (D:10)
  3 scorpions
  20 killer bees
  2 wights (D:10)
  An electric eel (D:14)
  2 howler monkeys
  7 centaur skeletons
  6 crimson imps
  A bullfrog zombie (D:13)
  5 jellies
  5 hounds
  5 orc priests
  2 iguanas
  17 worker ants
  Ijyb (D:3)
  5 orc wizards
  A statue (D:5)
  2 killer bee zombies
  A hound zombie (D:6)
  A hound skeleton (D:9)
  A mummy (D:8)
  A worker ant zombie (D:4)
  Robin (D:2)
  14 gnolls
  13 adders
  5 shadow imps
  3 oozes
  2 adder skeletons
  6 worms
  2 dart slugs
  6 leopard geckos
  55 orcs
  3 ball pythons
  12 giant cockroaches
  22 hobgoblins
  14 jackals
  23 kobolds
  6 quokkas
  9 bats
  3 frilled lizards
  23 goblins
  A kobold zombie (D:8)
  2 orc zombies (D:8)
  4 rats
469 creatures vanquished.

Vanquished Creatures (collateral kills)
  Azrael (D:15)
  A hydra (D:14)
  A death knight (D:14)
  2 two-headed ogres
  A manticore (D:14)
  An ugly thing (D:13)
  A cyclops (D:13)
  A kobold demonologist (D:15)
  A centaur skeleton (D:14)
  An efreet (D:13)
  3 freezing wraiths
  A troll (D:14)
  2 hippogriffs
  A meliai zombie (D:13)
  A fire elemental (D:15)
  A yak (D:14)
  3 wraiths
  A water elemental (D:14)
  Grum (D:8)
  A hungry ghost (D:14)
  A hell hound (D:15)
  3 orc warriors
  A black bear (D:11)
  A wolf (D:8)
  A phantom (D:9)
  6 centaurs
  A big kobold (D:10)
  A scorpion (D:7)
  6 killer bees
  A wight (D:10)
  An electric eel (D:14)
  2 bullfrog zombies
  2 centaur zombies
  An orc wizard (D:14)
  A hound skeleton (D:8)
  An adder (D:11)
  A gnoll (D:10)
  A shadow imp (D:7)
  9 orcs
  2 kobolds (D:11)
  An orc zombie (D:8)
  2 plants
72 creatures vanquished.

Vanquished Creatures (others)
  A golden eye (shapeshifter) (D:8)
  6 battlemagi
  8 ancestors (D:8)
  2 orcs (D:14)
  A plant (D:14)
18 creatures vanquished.

Grand Total: 559 creatures vanquished

Notes
Turn   | Place    | Note
-------+----------+-------------------------------------------
     0 | D:1      | KristoblXynda the Gargoyle Fighter began the quest for the Orb.
     0 | D:1      | Reached XP level 1. HP: 14/14 MP: 1/1
   111 | D:1      | Reached XP level 2. HP: 4/19 MP: 2/2
   427 | D:1      | Reached XP level 3. HP: 22/23 MP: 3/3
   808 | D:2      | Noticed Robin
   848 | D:2      | Reached XP level 4. HP: 19/28 MP: 4/4
   850 | D:2      | Killed Robin
  1153 | D:2      | Reached skill level 3 in Maces & Flails
  1243 | D:2      | Found a basalt altar of Yredelemnul.
  1504 | D:2      | Reached XP level 5. HP: 32/32 MP: 5/5
  1755 | D:2      | Found a shimmering altar of Xom.
  1996 | D:3      | Reached skill level 5 in Armour
  1996 | D:3      | Reached XP level 6. HP: 32/37 MP: 6/6
  2546 | D:3      | Noticed Ijyb
  2555 | D:3      | Paralysed by Ijyb for 4 turns
  2584 | D:3      | Killed Ijyb
  2584 | D:3      | Reached skill level 4 in Maces & Flails
  2663 | D:4      | Reached skill level 5 in Shields
  2751 | D:4      | Reached XP level 7. HP: 37/41 MP: 7/7
  3091 | D:5      | Entered Level 5 of the Dungeon
  3151 | D:5      | Reached skill level 5 in Maces & Flails
  3316 | D:5      | Found a radiant altar of Vehumet.
  3443 | D:5      | Reached XP level 8. HP: 46/46 MP: 8/8
  3722 | D:5      | You fall through a shaft!
  3723 | D:6      | Found a white marble altar of Elyvilon.
  3779 | D:6      | Reached skill level 6 in Maces & Flails
  5041 | D:7      | Gained mutation: Scrolls take you a little longer to read. [mutagenic meat]
  5042 | D:7      | Gained mutation: You are frail. (-10% HP) [mutagenic meat]
  5043 | D:7      | Gained mutation: You have a pair of small antennae on your head. [mutagenic meat]
  5044 | D:7      | Gained mutation: You have a somewhat thin skeletal structure. (Dex +2, Stealth) [mutagenic meat]
  5045 | D:7      | Gained mutation: You are partially covered in iridescent scales. (AC +2) [mutagenic meat]
  5098 | D:7      | Reached skill level 7 in Maces & Flails
  5134 | D:7      | Found a staircase to the Ecumenical Temple.
  5142 | Temple   | Entered the Ecumenical Temple
  5224 | Temple   | Became a worshipper of Hepliaklqana the Forgotten
  5258 | D:7      | Reached XP level 9. HP: 24/40 MP: 9/9
  5317 | D:7      | Reached skill level 8 in Maces & Flails
  5363 | D:7      | Found a glowing silver altar of Zin.
  5999 | D:8      | Noticed Psyche
  6013 | D:8      | Killed Psyche
  6028 | D:8      | Lost mutation: Scrolls take you a little longer to read. [potion of mutation]
  6028 | D:8      | Lost mutation: You are frail. (-10% HP) [potion of mutation]
  6028 | D:8      | Lost mutation: You have a pair of small antennae on your head. [potion of mutation]
  6028 | D:8      | Lost mutation: You have a somewhat thin skeletal structure. (Dex +2, Stealth) [potion of mutation]
  6028 | D:8      | Lost mutation: You are partially covered in iridescent scales. (AC +2) [potion of mutation]
  6028 | D:8      | Gained mutation: You passively map a small area around you. [potion of mutation]
  6028 | D:8      | Gained mutation: You tend to lose your temper in combat. [potion of mutation]
  6028 | D:8      | Gained mutation: You are agile. (Dex +2) [potion of mutation]
  6029 | D:8      | Lost mutation: You are agile. (Dex +2) [potion of mutation]
  6029 | D:8      | Lost mutation: You tend to lose your temper in combat. [potion of mutation]
  6029 | D:8      | Lost mutation: You passively map a small area around you. [potion of mutation]
  6029 | D:8      | Gained mutation: You have a pair of small horns on your head. [potion of mutation]
  6029 | D:8      | Gained mutation: You possess an exceptional clarity of mind. [potion of mutation]
  6082 | D:8      | Reached skill level 9 in Maces & Flails
  6105 | D:8      | Noticed a troll
  6126 | D:8      | Killed a troll
  6126 | D:8      | Reached XP level 10. HP: 23/50 MP: 10/10
  6200 | D:8      | Found Ucanneadgh's Book Emporium.
  6201 | D:8      | Reached * piety under Hepliaklqana
  7135 | D:8      | Noticed Grum
  7146 | D:8      | Killed Grum
  7155 | D:8      | Reached skill level 10 in Maces & Flails
  7381 | D:8      | Found a bloodstained altar of Trog.
  7382 | D:8      | Noticed Erica
  7492 | D:8      | Killed Erica
  7532 | D:8      | Found a shadowy altar of Dithmenos.
  8035 | D:8      | Noticed a two-headed ogre
  8042 | D:8      | Killed a two-headed ogre
  8042 | D:8      | Reached skill level 11 in Maces & Flails
  8042 | D:8      | Reached skill level 10 in Armour
  8121 | D:8      | Noticed a two-headed ogre
  8148 | D:8      | Killed a two-headed ogre
  8148 | D:8      | Reached XP level 11. HP: 30/54 MP: 11/11
  8283 | D:8      | Noticed a two-headed ogre
  8292 | D:8      | Killed a two-headed ogre
  8292 | D:8      | Reached skill level 10 in Shields
  8292 | D:8      | Reached skill level 1 in Invocations
  8311 | D:8      | Noticed a death knight
  8312 | D:8      | Noticed a centaur warrior
  8312 | D:8      | Noticed a harpy
  8334 | D:8      | a harpy changed into a golden eye
  8352 | D:8      | Killed a death knight
  8379 | D:8      | Killed a centaur warrior
  8409 | D:8      | Got a slimy dagger
  8411 | D:8      | Identified the +5 dagger "Jarhoirr" {drain, +Fly Stlth+} (You found it on level 8 of the Dungeon)
  8640 | D:9      | Found a burning altar of Makhleb.
  8642 | D:9      | Noticed a cacodemon
  8737 | D:9      | Reached ** piety under Hepliaklqana
  8740 | D:9      | Identified a scroll of acquirement
  8743 | D:9      | Got a polished dire flail
  8750 | D:9      | Identified the +7 dire flail "Joklul" {venom, MR+ Dex+4 Stlth+} (You acquired it on level 9 of the Dungeon)
  8760 | D:9      | Noticed Dominolapin's ghost (novice BaIE)
  8790 | D:9      | Killed Dominolapin's ghost
  9047 | D:9      | Found a stormy altar of Qazlal.
  9319 | D:9      | Remembered your ancestor Ku-aya as a battlemage
  9482 | D:9      | Reached skill level 12 in Maces & Flails
  9726 | D:10     | Entered Level 10 of the Dungeon
  9979 | D:10     | Noticed Snorg
  9998 | D:10     | HP: 2/54 [Snorg (10)]
 10003 | D:10     | Killed Snorg
 10003 | D:10     | Reached skill level 5 in Invocations
 10229 | D:10     | Reached *** piety under Hepliaklqana
 10339 | D:10     | Reached XP level 12. HP: 42/57 MP: 15/15
 10504 | D:10     | Found a staircase to the Orcish Mines.
 10876 | D:11     | Found a staircase to the Lair.
 11155 | D:11     | Noticed a death knight
 11170 | D:11     | Killed a death knight
 11411 | D:11     | Noticed Fannar
 11429 | D:11     | Killed Fannar
 11429 | D:11     | Reached skill level 1 in Evocations
 11553 | D:12     | Reached skill level 13 in Maces & Flails
 11568 | D:12     | Noticed a four-headed hydra
 11579 | D:12     | Killed a four-headed hydra
 11640 | D:12     | Noticed a two-headed ogre
 11654 | D:12     | Killed a two-headed ogre
 11689 | D:12     | Lost mutation: You possess an exceptional clarity of mind. [potion of mutation]
 11689 | D:12     | Lost mutation: You have a pair of small horns on your head. [potion of mutation]
 11689 | D:12     | Gained mutation: You have a pair of small antennae on your head. [potion of mutation]
 11689 | D:12     | Gained mutation: Your spells are a little easier to cast, but a little less powerful. [potion of mutation]
 11689 | D:12     | Gained mutation: You are partially covered in icy blue scales. (AC +2) [potion of mutation]
 11689 | D:12     | Gained mutation: You have large cloven feet. [potion of mutation]
 11690 | D:12     | Lost mutation: Your spells are a little easier to cast, but a little less powerful. [potion of mutation]
 11690 | D:12     | Lost mutation: You have large cloven feet. [potion of mutation]
 11690 | D:12     | Gained mutation: You have a beak for a mouth. [potion of mutation]
 11690 | D:12     | Gained mutation: You are somewhat resistant to further mutation. [potion of mutation]
 11709 | D:12     | Reached XP level 13. HP: 20/61 MP: 9/19
 11990 | D:12     | Reached **** piety under Hepliaklqana
 12813 | D:14     | Found Timoo's Jewellery Shop.
 12820 | D:14     | Bought the amulet of Tuwoqib {Spirit MP-9 Str+8 Int+6} for 760 gold pieces
 13112 | D:14     | Reached skill level 5 in Evocations
 13196 | D:14     | Reached skill level 14 in Maces & Flails
 13367 | D:14     | Reached skill level 10 in Invocations
 13378 | D:14     | You fall through a shaft!
 13378 | D:15     | Entered Level 15 of the Dungeon
 13803 | D:14     | Found a gate to the Vaults.
 13893 | D:14     | Gained mutation: Your large and strong wings let you fly indefinitely. [Gargoyle growth]
 13893 | D:14     | Reached XP level 14. HP: 62/66 MP: 18/22
 13902 | D:14     | Learned a level 3 spell: Regeneration
 13910 | D:14     | Reached ***** piety under Hepliaklqana
 14448 | D:15     | Noticed Azrael
 14930 | D:15     | Killed Azrael
 15037 | D:15     | Reached skill level 15 in Maces & Flails
 15195 | D:15     | Slain by a white ugly thing

Vault maps used:
D:1:      minmay_arrival_jagged
D:2:      yredelemnul_altar_generic, tgw_xom, first_bread,
          minmay_close_crescents, uniq_robin
D:3:      cheibrodos_old_hovel, uniq_ijyb
D:5:      vehumet_statue
D:6:      corexii_shantytown, old_standard_altar, gup_sewer_entry_pipe
D:7:      kennysheep_mini_moat, minmay_temple_entry_trees
D:8:      minmay_the_grid_triangle_9x9_rhombus_full,
          grunt_dithmenos_smoke_and_mirrors, trog_ov_bears_minmay, special_room,
          serial_shops, nicolae_shop_stone, minmay_mini_ossuary, uniq_psyche,
          uniq_erica, uniq_grum
D:9:      grunt_qazlal_clouds, makhleb_altar_promises_db
D:10:     kennysheep_orc_monster_closet_entryway, uniq_snorg
D:11:     dpeg_oklobed_lair, lab_entry_generic, uniq_fannar
D:12:     david_nohive_1
D:14:     erik_vaults_1, serial_shops, shop, serial_bayou_lake_a
D:15:     gammafunk_enter_depths_forms, hangedman_abyss_or_decor_stagger,
          laboratory, uniq_azrael
Temple:   dshaligram_water_room_temple

Skill      XL: |  1  2  3  4  5  6  7  8  9 10 11 12 13 14 |
---------------+-------------------------------------------+-----
Armour         | 4 5 6 7 8 10 11 12 | 12.3
Shields        | 4 5 6 7 8 9 10 | 10.4
Maces & Flails | 3 4 5 7 9 11 12 13 14 15 | 15.1
Invocations    | 5 8 10 11 | 11.9
Evocations     | 3 6 8 |  8.1
Fighting       | |  3.2

Action                   |  1- 3 |  4- 6 |  7- 9 | 10-12 | 13-15 || total
-------------------------+-------+-------+-------+-------+-------++-------
Melee: Flail             |   150 |   358 |   611 |   358 |       ||  1477
       Headbutt          |       |       |     8 |   124 |       ||   132
       Dire flail        |       |       |       |   310 |   439 ||   749
       Peck              |       |       |       |     3 |   144 ||   147
Invok: Ancestor Life: Ba |       |       |       |     1 |       ||     1
Evoke: Wand              |       |       |       |     7 |       ||     7
       Sack of spiders   |       |       |       |     3 |       ||     3
  Use: Scroll            |       |     7 |    12 |    15 |     8 ||    42
       Potion            |       |       |     4 |    11 |     1 ||    16
 Stab: Distracted        |       |       |       |     5 |     2 ||     7
       Invisible         |       |       |       |     6 |       ||     6
       Confused          |       |       |       |     1 |       ||     1
  Eat: Chunk             |       |     6 |    13 |    10 |     6 ||    35
       Bread ration      |       |     1 |       |       |       ||     1
       Fruit             |       |       |     2 |     5 |     1 ||     8
       Royal jelly       |       |       |       |     2 |     2 ||     4
       Meat ration       |       |       |       |       |     1 ||     1
Armor: Scale mail        |   100 |   202 |   381 |   207 |       ||   890
       Chain mail        |       |       |       |   239 |   269 ||   508
Dodge: Dodged            |    56 |   113 |   202 |   251 |   140 ||   762
       Deflected         |       |       |       |     8 |    12 ||    20
Block: Shield            |   109 |   217 |   353 |   223 |       ||   902
